 Dungeon Crawl Stone Soup version 0.25-a0-890-g62861fb195 (webtiles) character file.

Game seed: 13038386672959543154, levelgen mode: classic

6 EnegeticOcto the Skirmisher (level 1, 0/16 HPs)
             Began as an Octopode Fighter on May 2, 2020.
             Slain by a jackal (2 damage)
             ... on level 1 of the Dungeon.
             The game lasted 00:00:05 (34 turns).

EnegeticOcto the Skirmisher (Octopode Fighter)        Turns: 34, Time: 00:00:06

Health: 0/16       AC:  1    Str: 15    XL:     1   Next: 90%
Magic:  1/1        EV: 11    Int: 10    God:
Gold:   0          SH:  8    Dex: 11    Spells: 0/0 levels left

rFire    . . .     SeeInvis .   a - +0 long sword
rCold    . . .     Gourm    .   b - +0 kite shield
rNeg     . . .     Faith    .   (helmet restricted)
rPois    .         Spirit   .   (no amulet)
rElec    .         Reflect  .   (no ring)
rCorr    .         Harm     .   (no ring)
MR       .....                  (no ring)
Stlth    ++........             (no ring)
HPRegen  0.05/turn              (no ring)
MPRegen  0.07/turn              (no ring)
                                (no ring)
                                (no ring)

@: no status effects
A: almost no armour, stealthy swim, amphibious, 8 rings, constrict 8, camouflage
1, gelatinous body 1
a: no special abilities


You were on level 1 of the Dungeon.
You were not hungry.

You visited 1 branch of the dungeon, and saw 1 of its levels.

Inventory:

Hand Weapons
 a - a +0 long sword (weapon)
Armour
 b - a +0 kite shield (worn)
Scrolls
 c - a scroll of teleportation {unknown}
Potions
 k - a potion of might {@q3}
Comestibles
 e - a ration


   Skills:
 + Level 3.1 Fighting
 * Level 2.3 Long Blades
 - Level 3.0 Dodging
 + Level 3.1 Shields


You couldn't memorise any spells.
You didn't know any spells.
Your spell library was empty.

Dungeon Overview and Level Annotations

Branches:
Dungeon (1/15)

Altars:


Innate Abilities, Weirdness & Mutations

You cannot wear most types of armour.
You are very stealthy in the water. (Stealth+)
You are amphibious.
You can wear up to eight rings at the same time.
You can use your tentacles to constrict eight enemies at once.
Your skin changes colour to match your surroundings (Stealth+).
Your rubbery body absorbs attacks. (AC +1, EV +1)


Message History

Welcome, EnegeticOcto the Octopode Fighter.
Will you prevail where others failed? Will you find the Orb of Zot?
Press ? for a list of commands and other information.
Found a scroll labeled CIPHUL MAUDI.
Found a staircase leading out of the dungeon.
Found a short sword.
c - a scroll labeled CIPHUL MAUDI
Found a leather armour.
A rat and a hobgoblin come into view.
Found 6 poisoned darts.
The hobgoblin shouts!
There are monsters nearby!
A dart slug comes into view.
You block the hobgoblin's attack.
You hit the rat. You grab the rat.
The rat is severely wounded.
You constrict the rat.
You kill the rat!
The hobgoblin hits you with a +0 club. You block the hobgoblin's attack.
You completely miss the hobgoblin. You grab the hobgoblin.
You constrict the hobgoblin, but do no damage.
You block the hobgoblin's attack.
You slash the hobgoblin!
You kill the hobgoblin!
A dart slug is nearby!
A dart slug is nearby!
A dart slug is nearby!
The dart slug launches a dart at you. The slug dart misses you.
Things that are here:
a +0 club; a hobgoblin corpse The dart slug launches a dart at you.
The slug dart hits you!
You are too injured to fight recklessly!
You are too injured to fight recklessly!
You are too injured to fight recklessly!
You are too injured to fight recklessly!
You are too injured to fight recklessly!
You are too injured to fight recklessly!
A dart slug is nearby!
A dart slug is nearby!
A dart slug is nearby!
A dart slug is nearby!
A dart slug is nearby!
A dart slug is nearby!
A jackal comes into view.
You block the dart slug's attack.
The jackal barks!
You slash the dart slug! You grab the dart slug.
You squeeze the dart slug, but do no damage.
The dart slug is severely wounded.
You constrict the dart slug.
You kill the dart slug!
You hear a bark!
A jackal comes into view. x2
Things that are here:
6 poisoned darts; a dart slug corpse
Things that are here:
a +0 club; a hobgoblin corpse You barely miss the jackal.
Your grab misses the jackal. You block the jackal's attack.
The jackal bites you but does no damage.
You barely miss the jackal. Your grab misses the jackal.
You block the jackal's attack. The jackal closely misses you.
You riposte.
You hit the jackal. You grab the jackal. You squeeze the jackal.
You kill the jackal!
The jackal closely misses you. You block the jackal's attack.
Things that are here:
a +0 club; a hobgoblin corpse You closely miss the jackal.
Your grab misses the jackal. You block the jackal's attack.
The jackal bites you.
The jackal bites you but does no damage.
The jackal bites you.
* * * LOW HITPOINT WARNING * * *
You miss the jackal. You grab the jackal. You constrict the jackal.
The jackal bites you.
You die...

#### ######### .
#..###.......#..
###...##..........
#.................
#......[..........
#..(.h@...........
#....h###...####.
.........###.###
..........##..#
......######.##
...... #.# ####
...... ###.# ...
...... #..###
##.## ##
#....####...####..


You could see 2 jackals.

Vanquished Creatures
  A dart slug (D:1)
  A hobgoblin (D:1)
  A jackal (D:1)
  A rat (D:1)
4 creatures vanquished.

Notes
Turn   | Place    | Note
-------+----------+-------------------------------------------
     0 | D:1      | EnegeticOcto the Octopode Fighter began the quest for the
                  | Orb.
     0 | D:1      | Reached XP level 1. HP: 16/16 MP: 1/1
    34 | D:1      | Slain by a jackal

Levels and vault maps discovered:
D:1:      eino_arrival_water_star, layout_rooms

Action                   || total
-------------------------++-------
Melee: Long sword        ||     8
       Constrict         ||     5
       Tentacles         ||     2
Armor: Skin              ||     2
Dodge: Dodged            ||     3
Block: Kite shield       ||     8
       Rpst.: Long sword ||     1

Table legend:
 A = Non-vault XP
 B = Vault XP
 C = Vault XP percentage of total XP
 D = Non-vault monster count
 E = Vault monster count
 F = Vault count percentage of total count
                 A         B        C        D         E       F
            +---------+---------+-------+---------+---------+-------
      Total |       9 |       0 |   0.0 |       4 |       0 |   0.0
            +---------+---------+-------+---------+---------+-------
        D:1 |       9 |       0 |   0.0 |       4 |       0 |   0.0
            +---------+---------+-------+---------+---------+-------
